 Dungeon Crawl Stone Soup version 0.31-a0-188-g5e087ee2ca (webtiles) character file.

Game seed: 2278718195773857404

29 qw the Shooter (level 3, -1/20 HPs)
             Began as a Deep Elf Hunter on June 23, 2023.
             Slain by a gnoll
             ... wielding a +0 whip
              (2 damage)
             ... on level 2 of the Dungeon.
             The game lasted 00:00:13 (812 turns).

qw the Shooter (Deep Elf Hunter)                     Turns: 812, Time: 00:00:13

Health: -1/20      AC:  5    Str: 10    XL:     3   Next: 1%
Magic:  5/5        EV: 11    Int: 13    God:
Gold:   47         SH:  0    Dex: 18    Spells: 2/2 levels left

rFire   . . .        Y - +0 shortbow
rCold   . . .        (shield currently unavailable)
rNeg    . . .        e - +0 ring mail
rPois   .            (no helmet)
rElec   .            (no cloak)
rCorr   .            (no gloves)
SInv    .            (no boots)
Will    .....        (no amulet)
Stlth   +            (no ring)
HPRegen 0.23/turn    (no ring)
MPRegen 0.09/turn

%: no passive effects
@: no status effects
A: no striking features
a: no special abilities


You were on level 2 of the Dungeon.
You visited 1 branch of the dungeon, and saw 2 of its levels.

You collected 47 gold pieces.


   Skills:
 - Level 1.5 Fighting
 + Level 6.6 Ranged Weapons
 - Level 2.4 Dodging
 - Level 1.2 Stealth


You had 2 spell levels left.
You didn't know any spells.
Your spell library was empty.

Inventory:

Hand Weapons
 Y - a +0 shortbow (weapon)
Armour
 e - a +0 ring mail (worn)
Potions
 f - a potion of enlightenment
 g - a potion of might {unknown}
 h - a potion of degeneration {unknown}

Dungeon Overview and Level Annotations

Branches:
Dungeon (2/15)

Altars:


Message History

You shoot an arrow. The arrow hits the gnoll.
The gnoll shouts!
The gnoll is moderately wounded.
A gnoll comes into view. It is wielding a +0 whip.
You shoot an arrow. The gnoll shouts!
The arrow hits the gnoll!
The gnoll is severely wounded.
You shoot an arrow. The arrow hits the gnoll.
The gnoll is almost dead.
A gnoll comes into view. It is wielding a +0 flail.
A gnoll comes into view. It is wielding a +0 spear.
You shoot an arrow. The gnoll shouts!
The arrow hits the gnoll but does no damage.
The gnoll is almost dead.
You shoot an arrow. The arrow closely misses the gnoll.
You shoot an arrow.
The arrow hits the gnoll but does no damage.
The gnoll is almost dead.
The gnoll barely misses you.
You shoot an arrow. The arrow barely misses the gnoll.
The gnoll hits you but does no damage.
You shoot an arrow. The arrow barely misses the gnoll.
The gnoll hits you with a +2 whip of freezing.
The gnoll freezes you. The gnoll barely misses you.
You shoot an arrow. The arrow hits the gnoll.
You kill the gnoll!
You have reached level 3!
Your experience leads to an increase in your attributes!
Increase (S)trength, (I)ntelligence, or (D)exterity?
You feel stronger. x2
You shoot an arrow. The arrow hits the gnoll!
The gnoll is heavily wounded.
The gnoll barely misses you. The gnoll hits you with a +0 whip.
You shoot an arrow. The arrow barely misses the gnoll.
The gnoll misses you. The gnoll barely misses you. The gnoll misses you.
The gnoll hits you from afar with a +0 spear.
The gnoll barely misses you. The gnoll hits you with a +0 whip.
You die...

# ###.###+# ..
....
#.##.###########
#............(.#
#..g@#########.#
#.#g## #.# ....g
#.# ###.#.
###### #.# #.#.
#....# #.# # #.
#.##.# #.# #.
#.##.###.# #.
#........#
####.#####


You could see 3 gnolls.

Vanquished Creatures
  A gnoll (D:2)
  A dart slug (D:1)
  2 endoplasms (D:1)
  2 giant cockroaches (D:1)
  4 goblins (D:1)
  A kobold (D:1)
  2 ball pythons
  2 bats (D:1)
  2 rats (D:1)
17 creatures vanquished.

Notes
Turn   | Place    | Note
-------+----------+-------------------------------------------
     0 | D:1      | qw the Deep Elf Hunter began the quest for the Orb.
     0 | D:1      | Reached XP level 1. HP: 12/12 MP: 3/3
     0 | D:1      | 0 ||| qw: Version: 0.3-a-9-g12657ce
     0 | D:1      | 0 ||| qw: Game counter: 3457
     0 | D:1      | 0 ||| qw: Always use a shield: true
     0 | D:1      | 0 ||| qw: God list: Okawaru
     0 | D:1      | 0 ||| qw: Allow faded altars: false
     0 | D:1      | 0 ||| qw: Do Orc after D:15 true
     0 | D:1      | 0 ||| qw: Do second Lair branch before Depths: true
     0 | D:1      | 0 ||| qw: Lair rune preference: random
     0 | D:1      | 0 ||| qw: Plans: Normal
     0 | D:1      | 0 ||| PLANNING D:1-11
   116 | D:1      | 116 ||| FLEEEEING.
   129 | D:1      | Reached skill level 6 in Ranged Weapons
   129 | D:1      | Reached XP level 2. HP: 9/16 MP: 4/4
   655 | D:1      | 655 ||| UPGRADING to +0 ring mail.
   665 | D:1      | 665 ||| DROPPING +0 leather armour.
   666 | D:1      | 666 ||| READING scroll labelled FUNGAB HOOCHIK.
   667 | D:1      | 667 ||| READING scroll labelled KIEPOR VIOD.
   668 | D:1      | 668 ||| READING scroll labelled LOORCH QISOIHOYTO.
   669 | D:1      | 669 ||| DRINKING 2 fizzy coppery potions.
   670 | D:1      | 670 ||| DROPPING scroll of butterflies.
   811 | D:2      | Reached XP level 3. HP: 9/20 MP: 5/5
   811 | D:2      | HP: 4/20 [gnoll/+0 whip (5)]
   812 | D:2      | HP: 1/20 [gnoll/+0 spear (3)]
   812 | D:2      | Slain by a gnoll

Levels and vault maps discovered:
D:1:      amcnicky_arrival_double_pillar, layout_basic
D:2:      layout_basic, kennysheep_big_empty_room

Skill      XL: |  1 |
---------------+----+-----
Ranged Weapons | 6 |  6.6
Fighting       | |  1.5
Dodging        | |  2.4
Stealth        | |  1.2

Action                     || total
---------------------------++-------
   Fire: Shortbow          ||    41
    Use: Scroll            ||     3
         Potion            ||     1
 Armour: Ring mail         ||     1
  Dodge: Dodged            ||    10

Table legend:
 A = Non-vault XP
 B = Vault XP
 C = Vault XP percentage of total XP
 D = Non-vault monster count
 E = Vault monster count
 F = Vault count percentage of total count
                 A         B        C        D         E       F
            +---------+---------+-------+---------+---------+-------
      Total |      42 |       0 |   0.0 |      17 |       0 |   0.0
            +---------+---------+-------+---------+---------+-------
        D:1 |      26 |       0 |   0.0 |      15 |       0 |   0.0
        D:2 |      16 |       0 |   0.0 |       2 |       0 |   0.0
            +---------+---------+-------+---------+---------+-------
